 Dungeon Crawl Stone Soup version 0.32-a0-643-ga006e7742e (webtiles) character file.

Game seed: 1596776624676327066

218 Fodor the Chopper (level 5, -2/47 HPs)
             Began as a Minotaur Fighter on Mar 7, 2024.
             Incinerated by a bombardier beetle (7 damage)
             ... with a burning spray
             ... on level 4 of the Dungeon.
             The game lasted 00:07:04 (2363 turns).

Fodor the Chopper (Minotaur Fighter)                Turns: 2363, Time: 00:07:04

Health: -2/47      AC:  7    Str: 23    XL:     5   Next: 63%
Magic:  4/4        EV: 10    Int:  5    God:
Gold:   189        SH:  4    Dex:  9    Spells: 4/4 levels left

rFire   . . .        a - +0 war axe
rCold   . . .        c - +0 buckler
rNeg    . . .        b - +0 scale mail
rPois   .            (helmet restricted)
rElec   .            (no cloak)
rCorr   .            (no gloves)
SInv    .            (no boots)
Will    +....        (no amulet) Stlth
                     j - ring of willpower
HPRegen 0.27/turn    (no ring)
MPRegen 0.09/turn

%: no passive effects
@: on fire, glowing
A: horns 2, retaliatory headbutt
a: no special abilities


You were on level 4 of the Dungeon.
You visited 1 branch of the dungeon, and saw 4 of its levels.

You collected 189 gold pieces.

Inventory:

Hand Weapons
 a - a +0 war axe (weapon)
Armour
 b - a +0 scale mail (worn)
 c - a +0 buckler (worn)
Jewellery
 j - a ring of willpower (left hand)
Wands
 v - a wand of acid (6)
Scrolls
 e - a scroll of fog {unknown}
 k - 4 scrolls of teleportation {unknown}
 l - a scroll of amnesia {unknown}
 o - 3 scrolls of identify {unknown}
 r - a scroll of enchant weapon {unknown}
 s - a scroll of noise {unknown}
 t - a scroll of poison {unknown}
 u - a scroll of vulnerability {unknown}
Potions
 d - a potion of might
 f - a potion of attraction {unknown}
 g - a potion of mutation {unknown}
 h - 2 potions of berserk rage {unknown}
 i - a potion of magic {unknown}
 m - a potion of brilliance {unknown}
 n - a potion of enlightenment {unknown}
 p - 2 potions of curing {unknown}
 q - a potion of invisibility {unknown}


   Skills:
 + Level 4.5 Fighting
 + Level 5.5 Axes
 + Level 4.4 Armour
 + Level 1.4 Dodging
 + Level 4.0 Shields


You had 4 spell levels left.
You didn't know any spells.
Your spell library was empty.

Dungeon Overview and Level Annotations

Branches:
Dungeon (4/15)             Temple (0/1) D:4

Altars:
Hepliaklqana
Nemelex Xobeh
Qazlal
Trog

Shops:
D:2 [

Annotations:
D:3 1 runed translucent door, Crazy Yiuf


Innate Abilities, Weirdness & Mutations

You have a pair of horns on your head.
You reflexively headbutt those who attack you in melee.


Message History

You closely miss the bombardier beetle.
Your headbutt misses the bombardier beetle.
The liquid fire burns you!
You block the bombardier beetle's attack.
You slash the bombardier beetle!
The bombardier beetle is moderately wounded.
The liquid fire burns you!
The bombardier beetle sprays incendiary fluid at you.
The burning spray hits you.
You are even more covered in liquid fire!
You closely miss the bombardier beetle. You headbutt the bombardier beetle!
The bombardier beetle is severely wounded.
The liquid fire burns you!
You slash the bombardier beetle!
You kill the bombardier beetle!
The liquid fire burns you! The orc hits you with a +0 dagger.
You closely miss the orc. The liquid fire burns you!
The orc closely misses you.
You slash the orc!
You kill the orc!
The liquid fire burns you!
The kobold throws a stone.
You block the stone.
You shake off some of the fire as you move.
The liquid fire burns you!
* * * LOW HITPOINT WARNING * * *
The kobold hits you but does no damage.
Items here: )) [ ††.
You hit the kobold.
The kobold is moderately wounded.
The liquid fire burns you!
* * * LOW HITPOINT WARNING * * *
The kobold completely misses you.
The kobold hits you with a +1 short sword of speed.
* * * LOW HITPOINT WARNING * * *
You hit the kobold.
You kill the kobold!
The liquid fire burns you!
You die...

...........#.......###.#
.###.............### .# .
.#
#.###..##.###<#####.###..
.###.#
#..##.##...#.........
†....#
#..##....#...#.#.#.#.
†.####
#..#####...#......... ..#
..# ##.##.#.......
..######. #.##.B.......
......... #@##.#...>..o
#.####### #))..........
#.# ###..#....... #.#
##......... #.##
#.#.#.#.#. #..#
#......... ##.#
###.#.#### #.# .#.# #.# #
#


There were no monsters in sight!

Vanquished Creatures
  2 bombardier beetles (D:4)
  A hound (D:4)
  Robin (D:3)
  2 adders (D:2)
  A ribbon worm (D:2)
  A dart slug (D:4)
  8 orcs
  8 endoplasms
  5 giant cockroaches
  7 goblins
  5 hobgoblins
  3 jackals (D:1)
  6 kobolds
  A quokka (D:1)
  7 ball pythons
  7 bats
  A frilled lizard (D:1)
  7 rats
73 creatures vanquished.

Notes
Turn   | Place    | Note
-------+----------+-------------------------------------------
     0 | D:1      | Fodor the Minotaur Fighter began the quest for the Orb.
     0 | D:1      | Reached XP level 1. HP: 19/19 MP: 0/0
    58 | D:1      | Reached XP level 2. HP: 17/27 MP: 1/1
    95 | D:1      | Reached skill level 3 in Axes
   513 | D:2      | Reached XP level 3. HP: 33/33 MP: 2/2
   771 | D:2      | Found Xyor's Armour Emporium.
   929 | D:2      | Noticed a shining eye
   931 | D:2      | Found a faded altar of an unknown god.
   932 | D:2      | Noticed a golden eye
   932 | D:2      | Noticed a great orb of eyes
   932 | D:2      | Noticed a shining eye
   940 | D:2      | Reached XP level 4. HP: 37/40 MP: 3/3
  1154 | D:3      | Reached skill level 4 in Axes
  1184 | D:3      | Noticed Robin
  1193 | D:3      | Killed Robin
  1366 | D:3      | Found a sparkling altar of Nemelex Xobeh.
  1399 | D:3      | Identified the +5 scale mail "Yboguong" {Rampage ^Drain
                  | Int+3 Stlth+}
  1447 | D:3      | Found a hazy altar of Hepliaklqana.
  1447 | D:3      | Found a stormy altar of Qazlal.
  1520 | D:3      | Found a runed translucent door.
  1521 | D:3      | Noticed Crazy Yiuf
  1668 | D:3      | Found a bloodstained altar of Trog.
  2237 | D:4      | Reached skill level 1 in Dodging
  2237 | D:4      | Reached XP level 5. HP: 41/47 MP: 4/4
  2277 | D:4      | Reached skill level 5 in Axes
  2312 | D:4      | Found a staircase to the Ecumenical Temple.
  2363 | D:4      | Incinerated by a bombardier beetle

Illustrated notes

Levels and vault maps discovered:
D:1:      lightli_molten_gateway, layout_rooms, chequers_mini_garden
D:2:      layout_basic, hellmonk_ecumenical_altar_watching_god, serial_shops,
          shop
D:3:      layout_basic, nicolae_overflow_hidden_temple, lightli_temple_of_fire,
          minivault_26, uniq_robin, uniq_crazy_yiuf_cottage
D:4:      layout_loops_ring, nicolae_uskayaw_suspiria, makhleb_heckhound_becter,
          minmay_temple_entry_glass

Skill      XL: |  1  2  3  4  5 |
---------------+----------------+-----
Axes           | 3 4 5 |  5.5
Armour         | 4 |  4.4
Fighting       | 4 |  4.5
Shields        | 4 |  4.0
Dodging        | 1 |  1.4

Action                     |  1- 3 |  4- 6 || total
---------------------------+-------+-------++-------
  Melee: War axe           |    65 |    61 ||   126
         Headbutt          |     6 |    10 ||    16
 Armour: Scale mail        |    68 |    47 ||   115
  Dodge: Dodged            |    44 |    20 ||    64
  Block: Buckler           |    29 |     7 ||    36

Table legend: (Time is in decaauts)
 A = Elapsed time spent in this place.
 B = Non-inter-level travel time spent in this place.
 C = Inter-level travel time spent in this place.
 D = Time resting spent in this place.
 E = Time spent auto-exploring this place.
 F = Levels seen in this place.
 G = Mean time per level.
                   A        B        C        D        E       F      G
               +--------+--------+--------+--------+--------+-----+--------+
         Total |   2404 |   2360 |     44 |     55 |   1595 |   4 |  601.0 |
       Dungeon |   2404 |   2360 |     44 |     55 |   1595 |   4 |  601.0 |
               +--------+--------+--------+--------+--------+-----+--------+

Top non-repeatable levels by time:
     D:3: 1136 daAuts
     D:2: 561 daAuts
     D:1: 520 daAuts
     D:4: 184 daAuts
